[Event "IIFL Wealth  4th Mumbai Junior U-13"]
[Site "Mumbai"]
[Date "2019.01.07"]
[Round "9"]
[White "Anurag Panigrahi"]
[Black "Arushi Srichandan"]
[Result "1-0"]
[ECO "B08"]
[WhiteElo "1315"]
[BlackElo "1100"]
[Annotator "NA RC"]
[PlyCount "149"]
[EventDate "2018.12.30"]
[EventType "swiss"]
[EventCountry "IND"]
[SourceTitle "playchess.com"]
[Source "ChessBase"]
[SourceQuality "1"]
[TimeControl "40/5400+30:1800+30"]

1. e4 d6 2. d4 Nf6 3. Nc3 g6 4. Nf3 Bg7 5. h3 Nc6 6. Be3 a6 7. a4 b6 8. Bc4 Bb7 9. e5 dxe5 10. dxe5 Nh5 11. e6 f5 12. Bd5 Bxc3+ 13. bxc3 Nf6 14. Bb3 h6 15. O-O Qxd1 16. Raxd1 g5 17. Rfe1 O-O 18. Nd4 Nxd4 19. Bxd4 Bc6 20. Be5 Rac8 21. Rd7 Rfe8 22. Rxc7 Rxc7 23. Bxc7 b5 24. axb5 axb5 25. Be5 Bd5 26. Bxd5 Nxd5 27. Rb1 Rc8 28. Rxb5 Nxc3 29. Bxc3 Rxc3 30. Rxf5 Rxc2 31. Rf7 Re2 32. Rxe7 Kf8 33. Rf7+ Kg8 34. Re7 Kf8 35. Rf7+ Kg8 36. Rf6 Kg7 37. Rf7+ Kg8 38. Rf6 Kg7 39. Kf1 Re5 40. Rf7+ Kg8 41. h4 Rxe6 42. Rf5 gxh4 43. Rf4 Rg6 44. Rxh4 Kg7 45. Rh5 Kf6 46. f3 Kg7 47. Kf2 Kf6 48. g4 Kg7 49. Kg3 Ra6 50. Re5 Kf6 51. Rh5 Kg7 52. Rd5 Kf6 53. Kh4 Kg6 54. Rd1 Rf6 55. Rf1 Rf4 56. Kg3 Ra4 57. f4 Ra3+ 58. Kh4 Ra6 59. f5+ Kg7 60. Kh5 Rf6 61. Rc1 Rf7 62. Rc6 Kh7 63. Rxh6+ Kg7 64. f6+ Rxf6 65. Rxf6 Kxf6 66. Kh6 Kf7 67. g5 Kg8 68. Kg6 Kh8 69. Kf7 Kh7 70. g6+ Kh6 71. g7 Kh5 72. g8=Q Kh4 73. Qg2 Kh5 74. Qg3 Kh6 75. Qg6# 1-0

[Event "IIFL Wealth  4th Mumbai Junior U-13"]
[Site "Mumbai"]
[Date "2019.01.07"]
[Round "9"]
[White "Sohanganesh Uddhav Nikam"]
[Black "Vedant Nitin vekhande"]
[Result "0-1"]
[ECO "B50"]
[WhiteElo "1299"]
[BlackElo "1564"]
[Annotator "NA RC"]
[PlyCount "58"]
[EventDate "2018.12.30"]
[EventType "swiss"]
[EventCountry "IND"]
[SourceTitle "playchess.com"]
[Source "ChessBase"]
[SourceQuality "1"]
[TimeControl "40/5400+30:1800+30"]

1. e4 c5 2. Nf3 d6 3. Bc4 g6 4. Nc3 Bg7 5. O-O Nc6 6. Re1 e6 7. d3 Nge7 8. Bg5 O-O 9. a3 h6 10. Bh4 a6 11. Ba2 b5 12. Rb1 Qb6 13. Ne2 Re8 14. Bxe7 Rxe7 15. Nf4 Bb7 16. g4 Ne5 17. h3 Rae8 18. Re3 h5 19. g5 Qd8 20. Nxe5 Bxe5 21. Nxh5 gxh5 22. Qxh5 f6 23. g6 Rg7 24. Qg4 d5 25. h4 f5 26. exf5 exf5 27. Qxf5 Qxh4 28. Rh3 Qf6 29. Re3 Qh4 0-1

[Event "IIFL Wealth  4th Mumbai Junior U-13"]
[Site "Mumbai"]
[Date "2019.01.07"]
[Round "9"]
[White "Tawade Arnav"]
[Black "Krishnan Ritvik"]
[Result "1/2-1/2"]
[ECO "E98"]
[WhiteElo "1285"]
[BlackElo "1812"]
[Annotator "NA RC"]
[PlyCount "62"]
[EventDate "2018.12.30"]
[EventType "swiss"]
[EventCountry "IND"]
[SourceTitle "playchess.com"]
[Source "ChessBase"]
[SourceQuality "1"]
[TimeControl "40/5400+30:1800+30"]

1. d4 Nf6 2. c4 g6 3. Nc3 Bg7 4. e4 d6 5. Nf3 O-O 6. Be2 e5 7. O-O Nc6 8. d5 Ne7 9. Ne1 Nd7 10. Nd3 f5 11. Bd2 Nf6 12. f3 f4 13. c5 g5 14. cxd6 cxd6 15. Nf2 Ng6 16. Qc2 Rf7 17. Rfc1 Bf8 18. a4 h5 19. h3 Rg7 20. Nb5 Ne8 21. Ra3 a6 22. Rc3 Bxh3 23. Nxh3 axb5 24. Rc8 Rxc8 25. Qxc8 Qb6+ 26. Kf1 Nc7 27. Qb8 Na6 28. Qc8 Nc7 29. Qb8 Na6 30. Qc8 Nc7 31. Qb8 Na6 1/2-1/2

[Event "IIFL Wealth  4th Mumbai Junior U-13"]
[Site "Mumbai"]
[Date "2019.01.07"]
[Round "9"]
[White "Sai Mahati A"]
[Black "Akshit Jha"]
[Result "0-1"]
[ECO "A40"]
[WhiteElo "1267"]
[BlackElo "1604"]
[Annotator "NA RC"]
[PlyCount "70"]
[EventDate "2018.12.30"]
[EventType "swiss"]
[EventCountry "IND"]
[SourceTitle "playchess.com"]
[Source "ChessBase"]
[SourceQuality "1"]
[TimeControl "40/5400+30:1800+30"]

1. d4 c6 2. c4 d6 3. e4 Qc7 4. Nc3 Nf6 5. Nf3 Bg4 6. Be2 Nbd7 7. O-O e5 8. d5 Be7 9. Be3 O-O 10. h3 Bh5 11. Nh4 Bg6 12. Nxg6 hxg6 13. f4 Nh7 14. f5 gxf5 15. Rxf5 Ndf6 16. Qd2 Qd7 17. Raf1 cxd5 18. cxd5 a6 19. a4 Bd8 20. g4 Ba5 21. Qc2 Qe7 22. g5 Ne8 23. h4 g6 24. R5f2 Ng7 25. Bg4 Bd8 26. Qd2 Qe8 27. Bh3 Nh5 28. Kh2 Ba5 29. Bg4 Bxc3 30. Qxc3 Qxa4 31. Bxh5 gxh5 32. Qd3 Rac8 33. Bd2 Qc2 34. Qf3 Rc4 35. Re2 f5 0-1

[Event "IIFL Wealth  4th Mumbai Junior U-13"]
[Site "Mumbai"]
[Date "2019.01.07"]
[Round "9"]
[White "Ghadge Harsh"]
[Black "Ratnapriya K"]
[Result "0-1"]
[ECO "E21"]
[WhiteElo "1265"]
[BlackElo "1516"]
[Annotator "NA RC"]
[PlyCount "91"]
[EventDate "2018.12.30"]
[EventType "swiss"]
[EventCountry "IND"]
[SourceTitle "playchess.com"]
[Source "ChessBase"]
[SourceQuality "1"]
[TimeControl "40/5400+30:1800+30"]

1. d4 Nf6 2. Nf3 e6 3. c4 b6 4. Nc3 Bb7 5. e3 Bb4 6. Bd2 O-O 7. Be2 c5 8. O-O d6 9. a3 Bxc3 10. Bxc3 Ne4 11. Rc1 Qc7 12. Nd2 f5 13. Nxe4 Bxe4 14. d5 exd5 15. f3 d4 16. exd4 Bb7 17. d5 Nd7 18. Qd2 Rae8 19. Qg5 Ne5 20. f4 Ng6 21. Bh5 Qe7 22. Qxe7 Rxe7 23. Bxg6 hxg6 24. b3 Re4 25. Rce1 Rfe8 26. g3 Kf7 27. Kf2 b5 28. Rxe4 Rxe4 29. cxb5 Bxd5 30. Rd1 Ke6 31. b4 Bc4 32. bxc5 dxc5 33. Bxg7 Re2+ 34. Kg1 Bd5 35. Bf8 c4 36. Bc5 Rg2+ 37. Kf1 Rxh2 38. Bxa7 Rb2 39. b6 c3 40. b7 Rxb7 41. Bc5 Be4 42. Bb4 c2 43. Rc1 Rd7 44. Ke2 Rd1 45. Bd2 Kd5 46. a4 0-1

[Event "IIFL Wealth  4th Mumbai Junior U-13"]
[Site "Mumbai"]
[Date "2019.01.07"]
[Round "9"]
[White "Darsh Shetty"]
[Black "Shrey Nilkant"]
[Result "1-0"]
[ECO "A01"]
[WhiteElo "1260"]
[BlackElo "1466"]
[Annotator "NA RC"]
[PlyCount "91"]
[EventDate "2018.12.30"]
[EventType "swiss"]
[EventCountry "IND"]
[SourceTitle "playchess.com"]
[Source "ChessBase"]
[SourceQuality "1"]
[TimeControl "40/5400+30:1800+30"]

1. b3 e5 2. Bb2 Nc6 3. e3 d5 4. Bb5 Bd6 5. f4 Qe7 6. Nf3 Bg4 7. fxe5 Bxf3 8. exd6 Qh4+ 9. g3 Qe4 10. Bd3 Qg4 11. Be2 Bxe2 12. Qxe2 Qxe2+ 13. Kxe2 f6 14. Nc3 O-O-O 15. Ba3 cxd6 16. Nb5 Nh6 17. Nxd6+ Kc7 18. Nb5+ Kb8 19. Bb2 a6 20. Nd4 Nxd4+ 21. Bxd4 Rhe8 22. Rhf1 Ng4 23. h3 Ne5 24. Bxe5+ Rxe5 25. c3 Kc7 26. g4 h5 27. Rg1 h4 28. Rg2 Kd6 29. Rag1 g6 30. Rf2 Ke6 31. Rgf1 Rf8 32. Rf4 f5 33. Rb4 Re4 34. Rb6+ Kf7 35. Rxb7+ Kf6 36. Rd7 Ke6 37. Ra7 g5 38. gxf5+ Rxf5 39. Rxa6+ Ke5 40. Rxf5+ Kxf5 41. Kf3 g4+ 42. hxg4+ Rxg4 43. Rf6+ Kg5 44. Rg6+ Kh5 45. Rxg4 h3 46. Rg1 1-0

[Event "IIFL Wealth  4th Mumbai Junior U-13"]
[Site "Mumbai"]
[Date "2019.01.07"]
[Round "9"]
[White "Bulsara Yazaan"]
[Black "Vedant Mistry"]
[Result "0-1"]
[ECO "C54"]
[WhiteElo "1244"]
[BlackElo "1075"]
[Annotator "NA RC"]
[PlyCount "48"]
[EventDate "2018.12.30"]
[EventType "swiss"]
[EventCountry "IND"]
[SourceTitle "playchess.com"]
[Source "ChessBase"]
[SourceQuality "1"]
[TimeControl "40/5400+30:1800+30"]

1. e4 e5 2. Nf3 Nc6 3. Bc4 Bc5 4. c3 Nf6 5. d3 d6 6. O-O a6 7. Re1 Ba7 8. Bg5 h6 9. Bh4 g5 10. Bg3 Na5 11. Bb3 Nxb3 12. Qxb3 Nh5 13. Qd1 Nxg3 14. hxg3 Bg4 15. Nbd2 Qf6 16. Qa4+ Bd7 17. Qc4 O-O-O 18. d4 g4 19. dxe5 dxe5 20. Nxe5 Bxf2+ 21. Kh2 Qxe5 22. Nf3 gxf3 23. gxf3 Qxg3+ 24. Kh1 Qh3# 0-1

[Event "IIFL Wealth  4th Mumbai Junior U-13"]
[Site "Mumbai"]
[Date "2019.01.07"]
[Round "9"]
[White "Gosrani, Naiya"]
[Black "Yash Satish Parab"]
[Result "0-1"]
[ECO "C54"]
[WhiteElo "1235"]
[BlackElo "1058"]
[Annotator "NA RC"]
[PlyCount "151"]
[EventDate "2018.12.30"]
[EventType "swiss"]
[EventCountry "IND"]
[SourceTitle "playchess.com"]
[Source "ChessBase"]
[SourceQuality "1"]
[TimeControl "40/5400+30:1800+30"]

1. e4 e5 2. Nf3 Nc6 3. Bc4 Bc5 4. c3 Nf6 5. d3 d6 6. h3 h6 7. Be3 Bb6 8. Nbd2 Be6 9. Bb3 O-O 10. Nf1 Re8 11. Ng3 d5 12. Qe2 d4 13. Bd2 Qe7 14. Nh4 Qd7 15. Ngf5 Ne7 16. Qf3 Nxf5 17. Nxf5 Bxf5 18. Qxf5 Qxf5 19. exf5 e4 20. O-O-O exd3 21. Be1 dxc3 22. bxc3 Rad8 23. Bc4 Ne4 24. Bxd3 Nxf2 25. Bxf2 Bxf2 26. Bc4 Bc5 27. Kc2 Kf8 28. Rxd8 Rxd8 29. Re1 Re8 30. Rd1 Bd6 31. g4 Re3 32. Rd3 Rxd3 33. Kxd3 Ke7 34. Ke4 Kf6 35. Bb3 Be5 36. c4 Bd6 37. a4 Kg5 38. Kf3 h5 39. Bc2 Kh4 40. gxh5 Kxh3 41. f6 gxf6 42. h6 Bf8 43. Kf4 Bxh6+ 44. Kf5 Bg5 45. c5 Kg3 46. Bb3 Kf2 47. Bxf7 Be3 48. Kxf6 Bxc5 49. Ke6 Bd6 50. Kd7 Ke3 51. Kc8 b6 52. Kb7 a5 53. Kc6 Kd4 54. Be8 Kc4 55. Kb7 Kc5 56. Bb5 Be5 57. Bc6 Kd6 58. Bb5 Bf6 59. Bc6 Bd8 60. Bb5 c5 61. Bc4 Ke5 62. Kc6 Kd4 63. Kb5 Bc7 64. Bf1 Bd8 65. Bc4 Bh4 66. Bf1 Bd8 67. Bc4 Kc3 68. Bf1 Kb3 69. Bc4+ Ka3 70. Bf1 Be7 71. Bc4 Bf6 72. Bf1 Bd4 73. Bc4 Be5 74. Bf1 Bc7 75. Bc4 Bd8 76. Bf1 {[%emt 0:00:24] Kxa4+} 0-1

[Event "IIFL Wealth  4th Mumbai Junior U-13"]
[Site "Mumbai"]
[Date "2019.01.07"]
[Round "9"]
[White "Prakhar Chaturvedi"]
[Black "Varshita Jain"]
[Result "0-1"]
[ECO "C42"]
[WhiteElo "1235"]
[BlackElo "1461"]
[Annotator "NA RC"]
[PlyCount "130"]
[EventDate "2018.12.30"]
[EventType "swiss"]
[EventCountry "IND"]
[SourceTitle "playchess.com"]
[Source "ChessBase"]
[SourceQuality "1"]
[TimeControl "40/5400+30:1800+30"]

1. e4 e5 2. Nf3 Nf6 3. Nxe5 d6 4. Nf3 Nxe4 5. Nc3 Nxc3 6. dxc3 Be7 7. Be3 O-O 8. Qd2 d5 9. O-O-O c6 10. c4 dxc4 11. Qxd8 Rxd8 12. Bxc4 Rxd1+ 13. Rxd1 Nd7 14. Re1 Bf8 15. Bd4 b5 16. Bd3 c5 17. Be3 a6 18. Be4 Rb8 19. Bf4 Rb6 20. Bc7 Rf6 21. g4 Bd6 22. Bd8 Re6 23. h4 Bf4+ 24. Kb1 c4 25. c3 Nc5 26. Bd5 Rxe1+ 27. Nxe1 Bxg4 28. f3 Be6 29. Bc6 Bf5+ 30. Ka1 Nd3 31. Ng2 Bc1 32. b3 Bb2+ 33. Kb1 Bxc3 34. Be4 Bxe4 35. fxe4 cxb3 36. axb3 Nc5 37. Kc2 b4 38. e5 Bxe5 39. Be7 Bd4 40. Nf4 a5 41. Nd5 f5 42. Bd8 Nb7 43. Bc7 Bc5 44. Kd3 Bd6 45. Bb6 Kf7 46. Bd4 Ke6 47. Kc4 Be5 48. Bb6 Bg3 49. h5 Nd6+ 50. Kc5 Bf2+ 51. Kc6 Bxb6 52. Nxb6 f4 53. Nd5 f3 54. Nf4+ Kf5 55. Nd5 Ke4 56. Kxd6 f2 57. Kc5 f1=Q 58. Nb6 Qf5+ 59. Kc4 Qe6+ 60. Kb5 Qxb3 61. Nd7 Qd5+ 62. Nc5+ Kd4 63. Ka4 Qxc5 64. Kb3 Qc3+ 65. Ka4 Kc5 0-1

[Event "IIFL Wealth  4th Mumbai Junior U-13"]
[Site "Mumbai"]
[Date "2019.01.07"]
[Round "9"]
[White "Keerthana B"]
[Black "Jain Adi"]
[Result "0-1"]
[ECO "C55"]
[WhiteElo "1232"]
[BlackElo "1545"]
[Annotator "NA RC"]
[PlyCount "132"]
[EventDate "2018.12.30"]
[EventType "swiss"]
[EventCountry "IND"]
[SourceTitle "playchess.com"]
[Source "ChessBase"]
[SourceQuality "1"]
[TimeControl "40/5400+30:1800+30"]

1. e4 e5 2. Nf3 Nc6 3. Bc4 Nf6 4. d3 Be7 5. c3 O-O 6. Nbd2 d6 7. O-O Na5 8. Bb5 a6 9. Ba4 b5 10. Bc2 c5 11. Re1 Re8 12. Nf1 Bf8 13. Bg5 h6 14. Bxf6 Qxf6 15. Ne3 Be6 16. Qd2 Nc6 17. a3 Rad8 18. c4 Qf4 19. Qd1 Qf6 20. Nd5 Bxd5 21. cxd5 Nd4 22. Nxd4 cxd4 23. Qd2 Rc8 24. a4 Rc5 25. axb5 axb5 26. Ra7 Rec8 27. Bb3 Qd8 28. Rea1 Be7 29. f4 Bf6 30. Rb7 Ra8 31. Rf1 Rb8 32. Rxb8 Qxb8 33. fxe5 dxe5 34. Qf2 Qc7 35. h4 Rc1 36. g3 Rxf1+ 37. Qxf1 Qd7 38. Qf5 Qxf5 39. exf5 Kf8 40. Kf2 Be7 41. h5 Bd6 42. g4 Ke7 43. Kf3 Kf6 44. Ke4 Kg5 45. Bd1 Kf6 46. Bf3 Ke7 47. Bd1 Kf6 48. Bf3 Ke7 49. Bd1 f6 50. Bf3 Bb4 51. b3 Kd6 52. Bd1 Kc5 53. Bf3 Ba5 54. Bd1 Kb4 55. d6 Kc3 56. d7 b4 57. Kf3 Kd2 58. Be2 Kc2 59. Ke4 Kxb3 60. Kd5 Kc2 61. Ke6 b3 62. Kf7 b2 63. Kxg7 b1=Q 64. Kxh6 Qc1+ 65. Kh7 Bd8 66. h6 Qg5 0-1

[Event "IIFL Wealth  4th Mumbai Junior U-13"]
[Site "Mumbai"]
[Date "2019.01.07"]
[Round "9"]
[White "Roy Aanya"]
[Black "Amrit Raunak"]
[Result "1/2-1/2"]
[ECO "C92"]
[WhiteElo "1232"]
[BlackElo "1410"]
[Annotator "NA RC"]
[PlyCount "44"]
[EventDate "2018.12.30"]
[EventType "swiss"]
[EventCountry "IND"]
[SourceTitle "playchess.com"]
[Source "ChessBase"]
[SourceQuality "1"]
[TimeControl "40/5400+30:1800+30"]

1. e4 e5 2. Nf3 Nc6 3. Bb5 a6 4. Ba4 b5 5. Bb3 Nf6 6. O-O Be7 7. Re1 O-O 8. c3 d6 9. h3 Bb7 10. d3 h6 11. Nbd2 Kh8 12. Nf1 Na5 13. Bc2 c5 14. a3 c4 15. d4 {[%emt 0:09:47] cxd3 [%clk 1:29:58] Qxd3 [%clk 1:21:56] Nc4 [%clk 1:29:05] b3 [%clk 1:21:02] Nb6 [%clk 1:29:31] Be3 [%clk 1:15:02] Nbd7 [%clk 1:29:15] Ng3 [%clk 1:11:38]} Qc7 16. Bd2 {[%emt 0:15:33] Nc5 [%clk 1:27:30] Qe2 [%clk 1:08:24] Ne6 [%clk 1:27:25]} b4 {[%emt 0:26:56] Bc8 [%clk 1:24:53] Nf5 [%clk 0:57:49] Nd8 [%clk 1:24:26] Nxe7 [%clk 0:56:52] Qxe7 [%clk 1:24:40] c4 [%clk 0:52:43] Bd7 [%clk 1:22:07] cxb5 [%clk 0:52:28] Bxb5 [%clk 1:22:29]} 17. Bd3 {[%emt 0:18:25] Qb7 [%clk 1:20:59] Bxb5 [%clk 0:49:06] Qxb5 [%clk 1:20:27] Qxb5 [%clk 0:49:14] axb5 [%clk 1:20:50] Nh4 [%clk 0:48:25] Nb7 [%clk 1:20:22] Nf5 [%clk 0:48:09]} h5 {[%emt 0:00:00] f3 [%clk 0:46:49] g6 [%clk 1:18:48]} 18. Ng3 Rfc8 {[%emt 0:00:00] Rec1 [%clk 0:40:58] Kg7 [%clk 1:15:05] Rxc8 [%clk 0:39:58] Rxc8 [%clk 1:15:29]} 19. Rc1 {[%emt 0:07:07] Rxc1+ [%clk 1:14:13] Bxc1 [%clk 0:40:17]} d5 20. exd5 Nxd5 {[%emt 0:00:00] Kf2 [%clk 0:39:55] f6 [%clk 1:13:54]} 21. Ne4 {[%emt 0:00:00] Kf7 [%clk 1:43:03] g4 [%clk 1:05:24] hxg4 [%clk 1:42:17] hxg4 [%clk 1:05:40] Ke6 [%clk 1:42:15] Ke2 [%clk 1:05:25]} Nb6 {[%emt 0:00:00] Kd3 [%clk 1:02:44] Nc4 [%clk 1:38:11]} 22. a4 {[%emt 0:00:00] Nbd6 [%clk 1:32:36] axb5 [%clk 1:02:38] Nb6 [%clk 1:29:10] Nxd6 [%clk 1:02:10] Kxd6 [%clk 1:29:16] Be3 [%clk 1:01:50]} Nd5 {[%emt 0:00:00] Bd2 [%clk 0:59:51] f5 [%clk 1:27:19] gxf5 [%clk 0:55:53] gxf5 [%clk 1:27:37] Kc4 [%clk 0:53:36] Nb6+ [%clk 1:27:44] Kd3 [%clk 0:54:03]} 1/2-1/2

[Event "IIFL Wealth  4th Mumbai Junior U-13"]
[Site "Mumbai"]
[Date "2019.01.07"]
[Round "9"]
[White "Marzouq, Chowdhury"]
[Black "Manavalan, Siddharth Krishna"]
[Result "1-0"]
[ECO "B22"]
[WhiteElo "1224"]
[BlackElo "1406"]
[Annotator "NA RC"]
[PlyCount "85"]
[EventDate "2018.12.30"]
[EventType "swiss"]
[EventCountry "IND"]
[SourceTitle "playchess.com"]
[Source "ChessBase"]
[SourceQuality "1"]
[TimeControl "40/5400+30:1800+30"]

1. e4 c5 2. c3 Nc6 3. d4 e6 4. Nf3 cxd4 5. cxd4 Nf6 6. e5 Nd5 7. Nc3 Bb4 8. Bd2 Nxc3 9. bxc3 Be7 10. Bd3 b6 11. Qc2 Bb7 12. Bxh7 g6 13. Bxg6 fxg6 14. Qxg6+ Kf8 15. Bh6+ Rxh6 16. Qxh6+ Ke8 17. h4 Kf7 18. Ng5+ Bxg5 19. hxg5 Qg8 20. Qf6+ Ke8 21. Rh8 Ne7 22. Rxg8+ Nxg8 23. Qg7 Ne7 24. g6 Nf5 25. Qf7+ Kd8 26. g7 Nxg7 27. Qxg7 Kc7 28. g4 Be4 29. g5 Re8 30. g6 Kd8 31. Qf7 Bf5 32. g7 Bh7 33. f4 Bg8 34. Qf8 Bh7 35. O-O-O Bg8 36. Rh1 a6 37. Rh8 a5 38. Rxg8 Kc7 39. Qd6+ Kb7 40. Rxe8 Ka6 41. Qxd7 b5 42. Qc6+ Ka7 43. Ra8# 1-0

[Event "IIFL Wealth  4th Mumbai Junior U-13"]
[Site "Mumbai"]
[Date "2019.01.07"]
[Round "9"]
[White "Shah Viha"]
[Black "Virle Kimaya"]
[Result "0-1"]
[ECO "B76"]
[WhiteElo "1212"]
[BlackElo "1391"]
[Annotator "NA RC"]
[PlyCount "114"]
[EventDate "2018.12.30"]
[EventType "swiss"]
[EventCountry "IND"]
[SourceTitle "playchess.com"]
[Source "ChessBase"]
[SourceQuality "1"]
[TimeControl "40/5400+30:1800+30"]

1. e4 c5 2. Nf3 d6 3. d4 cxd4 4. Nxd4 Nf6 5. Nc3 g6 6. f3 Bg7 7. Be3 O-O 8. Qd2 Nc6 9. O-O-O Nxd4 10. Bxd4 Be6 11. g4 Qa5 12. g5 Nh5 13. Bxg7 Nxg7 14. a3 Rfc8 15. Nd5 Qxd2+ 16. Rxd2 Bxd5 17. Rxd5 Nh5 18. Rb5 Rc7 19. Rd5 Nf4 20. Rd2 Rac8 21. h4 Rc5 22. Rg1 R8c7 23. Rg4 Ne6 24. Rgg2 a6 25. Rge2 Nf4 26. Re3 Kg7 27. Bd3 h6 28. Bf1 hxg5 29. hxg5 Rxg5 30. Re1 Rg1 31. Kd1 Rc5 32. Rf2 Kf6 33. Rh2 Rh5 34. Rxh5 gxh5 35. Bc4 Rxe1+ 36. Kxe1 e6 37. Kf2 Kg5 38. Kg3 h4+ 39. Kh2 Ng6 40. Kh3 Kf4 41. Kg2 Ne5 42. Bd3 Nxf3 43. Kh3 Ne1 44. Kxh4 Nxd3 45. cxd3 Ke3 46. Kg5 Kxd3 47. Kf4 Kd4 48. Kf3 d5 49. exd5 Kxd5 50. Ke3 Kc4 51. Kd2 Kb3 52. Kc1 f5 53. Kd2 Kxb2 54. a4 a5 55. Ke3 Kb3 56. Kf4 Kxa4 57. Ke3 e5 {[%emt 0:00:06] Kd4} 0-1

[Event "IIFL Wealth  4th Mumbai Junior U-13"]
[Site "Mumbai"]
[Date "2019.01.07"]
[Round "9"]
[White "Suhaani Lohia"]
[Black "Dabhade Arnav"]
[Result "1/2-1/2"]
[ECO "C44"]
[WhiteElo "1200"]
[BlackElo "1064"]
[Annotator "NA RC"]
[PlyCount "53"]
[EventDate "2018.12.30"]
[EventType "swiss"]
[EventCountry "IND"]
[SourceTitle "playchess.com"]
[Source "ChessBase"]
[SourceQuality "1"]
[TimeControl "40/5400+30:1800+30"]

1. e4 e5 2. Nf3 Nc6 3. d4 exd4 4. Bc4 d6 5. O-O Be7 6. Bb5 Bd7 7. Bxc6 Bxc6 8. Qxd4 Nf6 9. Nc3 O-O 10. Re1 Re8 11. Bg5 h6 12. Bh4 Qd7 13. Rad1 a6 14. Bxf6 Bxf6 15. e5 Bxf3 16. gxf3 Be7 17. exd6 Bxd6 18. Qg4 Rad8 19. Qxd7 Rxe1+ 20. Rxe1 Rxd7 21. Re8+ Kh7 22. Rc8 Kg6 23. Re8 Kh7 24. Rc8 Kg6 25. Re8 Kh7 26. Rc8 Kg6 27. Re8 1/2-1/2

[Event "IIFL Wealth  4th Mumbai Junior U-13"]
[Site "Mumbai"]
[Date "2019.01.07"]
[Round "9"]
[White "Kadam Laksh"]
[Black "Borate Tanvi"]
[Result "1-0"]
[ECO "C50"]
[WhiteElo "1182"]
[BlackElo "1035"]
[Annotator "NA RC"]
[PlyCount "157"]
[EventDate "2018.12.30"]
[EventType "swiss"]
[EventCountry "IND"]
[SourceTitle "playchess.com"]
[Source "ChessBase"]
[SourceQuality "1"]
[TimeControl "40/5400+30:1800+30"]

1. e4 e5 2. Nf3 Nc6 3. Bc4 Bc5 4. O-O Nf6 5. d3 h6 6. c3 d6 7. Nbd2 O-O 8. Bb3 Be6 9. Bc2 Re8 10. Re1 Ng4 11. Rf1 f5 12. h3 Nf6 13. Re1 fxe4 14. Nxe4 Nxe4 15. dxe4 Rf8 16. Be3 Bb6 17. Qd2 Na5 18. b3 Qf6 19. Nh2 Nc6 20. Bd1 Ne7 21. Bxb6 axb6 22. c4 Ng6 23. Nf3 Nf4 24. Kh2 Bd7 25. Qe3 Qe6 26. Ng1 Qg6 27. Bf3 Rf7 28. Ne2 Raf8 29. Nxf4 Rxf4 30. Rh1 Bc6 31. Rae1 b5 32. Qe2 bxc4 33. Qxc4+ Kh8 34. Qe2 Bd7 35. Qe3 Ra8 36. Ra1 Raf8 37. Rab1 Bc6 38. Rhe1 Ra8 39. Rb2 Ra6 40. g3 Rf8 41. Bg4 Rfa8 42. Ree2 Qf7 43. Bf5 Bb5 44. Red2 Bc6 45. h4 Bd7 46. Bxd7 Qxd7 47. Qf3 Ra3 48. g4 Qe7 49. Kg3 Rf8 50. Qe2 Rf4 51. f3 Ra8 52. Qd3 Ra5 53. Rbc2 Rf8 54. a4 Ra6 55. Rc3 Qd7 56. Rdc2 Rc8 57. Qb5 Qxb5 58. axb5 Rb6 59. Rxc7 Rxc7 60. Rxc7 Rxb5 61. Rc3 Kg8 62. g5 hxg5 63. hxg5 Kh7 64. Kg4 Kg6 65. Rd3 Rb6 66. f4 exf4 67. Kxf4 Rc6 68. b4 b5 69. Rd5 Rb6 70. Kg4 Kf7 71. Kh5 Ke6 72. Kg6 Rb7 73. Kh7 Rc7 74. Rxb5 Rc4 75. Kxg7 Rxe4 76. g6 Rg4 77. Kh7 Kf6 78. Rb6 Rxg6 79. Rxd6+ 1-0

[Event "IIFL Wealth  4th Mumbai Junior U-13"]
[Site "Mumbai"]
[Date "2019.01.07"]
[Round "9"]
[White "Aarav Bhavin Mehta"]
[Black "Laddha, Yash Jayesh"]
[Result "0-1"]
[ECO "D05"]
[WhiteElo "1166"]
[BlackElo "1449"]
[Annotator "NA RC"]
[PlyCount "156"]
[EventDate "2018.12.30"]
[EventType "swiss"]
[EventCountry "IND"]
[SourceTitle "playchess.com"]
[Source "ChessBase"]
[SourceQuality "1"]
[TimeControl "40/5400+30:1800+30"]

1. d4 Nf6 2. Nf3 e6 3. e3 d5 4. Bd3 c5 5. b3 Nc6 6. Bb2 Be7 7. O-O O-O 8. a3 b6 9. Ne5 Bb7 10. Nd2 Qc7 11. f4 Nxe5 12. fxe5 Ne4 13. Bxe4 dxe4 14. Rc1 Bg5 15. Re1 cxd4 16. Bxd4 Rad8 17. Nc4 Be7 18. Qg4 b5 19. Nd6 g6 20. Nxb7 Qxb7 21. Ra1 Rc8 22. Rec1 Bc5 23. c3 Bxd4 24. exd4 Qd5 25. Qd1 Rc7 26. Rab1 Rfc8 27. Qd2 Rd7 28. Qe3 Rdc7 29. Qd2 a5 30. a4 bxa4 31. bxa4 Qc4 32. Qd1 Qd3 33. Qxd3 exd3 34. Rb3 d2 35. Rd1 Rxc3 36. Rxc3 Rxc3 37. Rxd2 Ra3 38. d5 exd5 39. Rd4 Kf8 40. Rh4 h5 41. Rd4 Ke7 42. Rxd5 Rxa4 43. Kf2 Ke6 44. Rb5 Ra3 45. g3 a4 46. Ra5 Ra2+ 47. Kg1 a3 48. h4 Ra1+ 49. Kf2 a2 50. Kg2 Kf5 51. Kh2 Ke4 52. Kg2 Kd4 53. Kh2 Kc4 54. Ra8 Kc3 55. Rc8+ Kd4 56. Rd8+ Kxe5 57. Re8+ Kd4 58. Rd8+ Ke3 59. Re8+ Kf3 60. Ra8 Rf1 61. Ra3+ Kg4 62. Ra4+ Kf5 63. Rxa2 Re1 64. Ra7 f6 65. Ra4 Re4 66. Ra5+ Kg4 67. Ra2 Kf3 68. Ra3+ Kg4 69. Ra2 g5 70. hxg5 fxg5 71. Rf2 Re3 72. Rg2 Kf3 73. Rg1 Re2+ 74. Kh1 Rf2 75. g4 h4 76. Rg2 Rf1+ 77. Kh2 Re1 78. Rd2 Re2+ 0-1

[Event "IIFL Wealth  4th Mumbai Junior U-13"]
[Site "Mumbai"]
[Date "2019.01.07"]
[Round "9"]
[White "Jain Aryan S"]
[Black "Jain, Kushagra"]
[Result "0-1"]
[ECO "A41"]
[WhiteElo "1115"]
[BlackElo "1323"]
[Annotator "NA RC"]
[PlyCount "120"]
[EventDate "2018.12.30"]
[EventType "swiss"]
[EventCountry "IND"]
[SourceTitle "playchess.com"]
[Source "ChessBase"]
[SourceQuality "1"]
[TimeControl "40/5400+30:1800+30"]

1. d4 d6 2. Nf3 g6 3. e3 Bg7 4. c4 Nf6 5. Bd3 O-O 6. b3 Nc6 7. Nbd2 Bg4 8. h3 Bxf3 9. Nxf3 e5 10. dxe5 dxe5 11. Bb2 e4 12. Bxf6 Qxf6 13. Rc1 exd3 14. Qxd3 Rad8 15. Qe2 Qb2 16. Qxb2 Bxb2 17. Rb1 Bg7 18. O-O Rd7 19. Rfe1 Rfd8 20. c5 Ne5 21. Nd4 Nd3 22. Red1 Bxd4 23. Rxd3 Bxc5 24. Rxd7 Rxd7 25. Kf1 Bb4 26. a4 a5 27. Ke2 Rd2+ 28. Kf3 f5 29. Rc1 c6 30. Rb1 Kf7 31. g4 Ke6 32. gxf5+ gxf5 33. h4 Ke5 34. h5 h6 35. Kg2 Ke4 36. Kg3 Kd3 37. f4 Kc2 38. Rg1 Kxb3 39. Kf3 Rh2 40. Rg7 Rxh5 41. Rxb7 Rh3+ 42. Kf2 Kxa4 43. Rb6 c5 44. Rd6 c4 45. Rd1 c3 46. Ra1+ Ba3 47. Ke2 c2 48. Kd2 Rh2+ 49. Kc3 c1=Q+ 50. Rxc1 Bxc1 51. Kd4 Kb3 52. e4 a4 53. exf5 a3 54. f6 a2 55. f7 a1=Q+ 56. Kd5 Rd2+ 57. Ke6 Qa6+ 58. Ke5 Re2+ 59. Kd5 Qe6+ 60. Kc5 Be3+ {[%emt 0:00:12] Kd4} 0-1

[Event "IIFL Wealth  4th Mumbai Junior U-13"]
[Site "Mumbai"]
[Date "2019.01.07"]
[Round "9"]
[White "Sapre Vedang"]
[Black "Dhrithi Murgod"]
[Result "1-0"]
[ECO "B13"]
[WhiteElo "1049"]
[BlackElo "1177"]
[Annotator "NA RC"]
[PlyCount "69"]
[EventDate "2018.12.30"]
[EventType "swiss"]
[EventCountry "IND"]
[SourceTitle "playchess.com"]
[Source "ChessBase"]
[SourceQuality "1"]
[TimeControl "40/5400+30:1800+30"]

1. e4 c6 2. d4 d5 3. exd5 cxd5 4. Bd3 Nc6 5. c3 Nf6 6. Nf3 g6 7. O-O Bg7 8. Bf4 O-O 9. Nbd2 Nh5 10. Bg3 f5 11. Be5 Nxe5 12. Nxe5 Nf4 13. Bc2 Qb6 14. Bb3 Qd6 15. Re1 Qc7 16. Qf3 Bxe5 17. Rxe5 Nh5 18. Bxd5+ Kh8 19. Rae1 Qb6 20. Nc4 Qa6 21. Rxe7 Nf6 22. Ne5 Qb5 23. Nf7+ Kg8 24. c4 Qxb2 25. Ng5+ Kh8 26. Qh3 h5 27. Nf7+ Kh7 28. Ne5+ Kh6 29. Qe3+ g5 30. h4 f4 31. hxg5+ Kxg5 32. Nf3+ Kg6 33. Nh4+ Kg5 34. Qe5+ Kh6 35. Qxf4# 1-0